 Dungeon Crawl Stone Soup version 0.21.1-1-g345015f (webtiles) character file.

21 inc the Scratcher (level 2, 0/12 HPs)
             Began as a Felid Transmuter on Mar 6, 2018.
             Succumbed to an adder's poison
             ... on level 2 of the Dungeon.
             The game lasted 00:01:01 (1208 turns).

inc the Scratcher (Felid Transmuter)                Turns: 1208, Time: 00:01:02

Health: 0/12       AC:  3    Str:  6    XL:     2   Next: 65%
Magic:  15/15      EV: 18    Int: 14    God:
Gold:   96         SH:  0    Dex: 16    Spells: 4/5 levels left
                                        Lives:  0   Deaths: 0

rFire    . . .     SeeInvis +     - Unarmed
rCold    . . .     Gourm    .   (shield unavailable)
rNeg     . . .     Faith    .   (armour unavailable)
rPois    .         Spirit   .   (helmet unavailable)
rElec    .         Reflect  .   (cloak unavailable)
rCorr    .         Harm     .   (gloves unavailable)
MR       .....     Rnd*Tele +   (boots unavailable)
Stlth    ++........             (no amulet)
HPRegen  0.04/turn              g - ring of magical power
MPRegen  0.14/turn              (no ring)

@: lethally poisoned (0 -> -5), quick
A: very small, no armour, no weapons or thrown items, stealth, claws 1, fangs 3,
slimy green scales 1, see invisible, carnivore, speed 1, shaggy fur 1, slow
metabolism 1, teleportitis 1, sharp paws
a: no special abilities


You were on level 2 of the Dungeon.
You were not hungry.

You visited 1 branch of the dungeon, and saw 2 of its levels.

You collected 96 gold pieces.

Inventory:

Missiles
 a - 12 arrows
Jewellery
 g - a ring of magical power (left paw)
Scrolls
 e - a scroll of immolation {unknown}
 h - a scroll of amnesia {unknown}
 i - 2 scrolls of remove curse {unknown}
 k - a scroll of identify {unknown}
 m - a scroll of fear {unknown}
Potions
 d - a potion of mutation
 f - a potion of ambrosia {unknown}
 j - a potion of haste {unknown}
 l - a potion of curing {unknown}
Books
 b - a book of Changes

   Spells                             Type                      Level
   a - Beastly Appendage              Transmutation                1
   b - Sticks to Snakes               Transmutation                2
   c - Spider Form                    Transmutation/Poison         3
   d - Ice Form                       Ice/Transmutation            4
   e - Blade Hands                    Transmutation                5
Comestibles
 c - 6 rations


   Skills:
 - Level 1.0 Fighting
 - Level 2.6 Dodging
 + Level 4.0 Unarmed Combat
 - Level 2.0 Spellcasting
 - Level 2.1 Transmutations


You had 4 spell levels left.
You knew the following spells:

 Your Spells              Type           Power        Failure   Level  Hunger
a - Beastly Appendage     Tmut           #.....       10%         1    ##.....


Dungeon Overview and Level Annotations

Branches:
Dungeon (2/15)

Altars:
Trog


Innate Abilities, Weirdness & Mutations

You cannot wear armour.
You are incapable of wielding weapons or throwing items.
Your paws allow you to move quietly. (Stealth)
You have sharp claws.
You have razor-sharp teeth.
You have supernaturally acute eyesight. (SInv)
You are carnivorous and can eat meat at any time.
You cover ground quickly.
You are covered in fur. (AC +1)
You have a slow metabolism.
Your sharp claws are effective at attacking unaware monsters.
You are partially covered in slimy green scales. (AC +2)
You are occasionally teleported next to monsters.


Message History

You are too injured to fight recklessly!
An adder is nearby!
You scratch the adder.
The adder is lightly wounded.
You feel sick. The adder completely misses you.
You scratch the adder.
The adder is heavily wounded.
The adder misses you.
You barely miss the adder.
The adder is heavily wounded.
The adder completely misses you.
You scratch the adder.
The adder is severely wounded.
The adder bites you.
* * * LOW HITPOINT WARNING * * *
The adder completely misses you.
It was a potion of mutation.
You feel extremely strange.
You feel weirdly uncertain.
Slimy green scales grow over part of your body.
You die...

#.# ##'## ##.##### #.#
#......# #.#
#..###.##### ##.##
#..##......###...######
#..##..###.##.........#
#.......# ##........#
#.###...##.####.#.....#
#. #.@................
#. #.S###.######.....#
....# # ####### ###...
####


You could see an adder.

Vanquished Creatures
  A worm (D:2)
  A leopard gecko (D:2)
  A ball python (D:2)
  3 goblins
  A hobgoblin (D:1)
  4 kobolds
  3 bats
  A frilled lizard (D:1)
  2 rats (D:1)
17 creatures vanquished.

Notes
Turn   | Place    | Note
-------+----------+-------------------------------------------
     0 | D:1      | inc the Felid Transmuter began the quest for the Orb.
     0 | D:1      | Reached XP level 1. HP: 9/9 MP: 4/4
   464 | D:1      | Reached XP level 2. HP: 12/12 MP: 6/6
  1048 | D:2      | Found a bloodstained altar of Trog.
  1114 | D:2      | Reached skill level 4 in Unarmed Combat
  1208 | D:2      | Gained mutation: You are occasionally teleported next to monsters. [potion of mutation]
  1208 | D:2      | Gained mutation: You are partially covered in slimy green scales. (AC +2) [potion of mutation]
  1208 | D:2      | Succumbed to an adder's poison

Skill      XL: |  1  2 |
---------------+-------+-----
Unarmed Combat | 4 |  4.0
Fighting       | |  1.0
Dodging        | |  2.6
Spellcasting   | |  2.0
Transmutations | |  2.1

Action                   || total
-------------------------++-------
Melee: Unarmed           ||    50
       Bite              ||     2
  Use: Potion            ||     1
 Stab: Sleeping          ||     3
Armor: Skin              ||     2
Dodge: Dodged            ||    43
